 Dungeon Crawl Stone Soup version 0.27-a0-1101-ge311f74bc8 (webtiles) character file.

Game seed: 11206979238516286286

13 sizableburger the Magician (level 2, -2/22 HPs)
             Began as a Mummy Wanderer on Apr 28, 2021.
             Was a Follower of Dithmenos.
             Slain by an orc wizard
             ... wielding a +0 dagger
              (5 damage)
             ... on level 2 of the Dungeon.
             The game lasted 00:02:24 (1079 turns).

sizableburger the Magician (Mummy Wanderer)         Turns: 1079, Time: 00:02:24

Health: -2/22      AC:  2    Str: 14    XL:     2   Next: 24%
Magic:  2/6        EV: 11    Int: 10    God:    Dithmenos [*.....]
Gold:   31         SH:  0    Dex: 13    Spells: 6/7 levels left

rFire    x . .     SeeInvis .   a - +0 club
rCold    + . .     Faith    .   (no shield)
rNeg     + + +     Spirit   .   d - +0 robe
rPois    ∞         Reflect  .   (no helmet)
rElec    .         Harm     .   (no cloak)
rCorr    .         Rampage  .   (no gloves)
Will     .....                  (no boots)
Stlth    ++........             (no amulet)
HPRegen  0.07/turn              (no ring)
MPRegen  0.10/turn              (no ring)

@: very slightly contaminated, wreathed by umbra
A: cold resistance 1, negative energy resistance 3, torment resistance 2,
unbreathing 1, heat vulnerability 1, no potions
a: Renounce Religion


You were on level 2 of the Dungeon.
You worshipped Dithmenos.
Dithmenos was aware of your devotion.
You visited 1 branch of the dungeon, and saw 2 of its levels.

You collected 31 gold pieces.

Inventory:

Hand Weapons
 a - a +0 club (weapon)
Missiles
 b - 3 boomerangs
Armour
 d - a +0 robe (worn)
 e - a +0 kite shield
Scrolls
 c - a scroll of teleportation
 f - 3 scrolls of amnesia {unknown}
 g - a scroll of identify {unknown}


   Skills:
 + Level 2.1 Fighting
 + Level 0.2 Maces & Flails
 - Level 0.1 Throwing
 - Level 1.0 Armour
 - Level 1.0 Stealth
 - Level 1.0 Shields
 + Level 3.0 Spellcasting
 - Level 1.0 Translocations
 + Level 2.0 Fire Magic


You had 6 spell levels left.
You knew the following spells:

 Your Spells              Type           Power      Damage    Failure   Level
a - Foxfire               Conj/Fire      12%        2x1d4     19%         1

Your spell library contained the following spells:

 Spells                   Type           Power      Damage    Failure   Level
 Inner Flame              Hex/Fire       3%         N/A       50%         3


Dungeon Overview and Level Annotations

Branches:
Dungeon (2/15)

Altars:
Dithmenos


Innate Abilities, Weirdness & Mutations

You are immune to poison.
Your flesh is cold resistant. (rC+)
You are immune to negative energy. (rN+++)
You are immune to unholy pain and torment.
You can survive without breathing.
You are vulnerable to heat. (rF-)
You do not drink.


Message History

Your foxfire dissipates!
Magic restored.
You see here a hobgoblin corpse.
Found an escape hatch in the ceiling.
An orc priest and an orc wizard come into view.
The orc wizard shouts!
The orc priest shouts!
You hear a shout! x2
Found a robe.
You miscast Foxfire.
You are very lightly contaminated with residual magic.
Nothing appears to happen.
The orc wizard points at itself and mumbles some strange words.
The orc wizard flickers and vanishes!
Deactivating autopickup; reactivate with Ctrl-A.
A kobold comes into view. It is wielding a +0 whip.
The orc priest begins to cast a cantrip, but forgets the words!
You conjure some foxfire!
You conjure some foxfire!
Unknown command.
The foxfire hits something. x2
The foxfire hits something but does no damage. x2
Your magical contamination has completely faded away.
Unknown command.
You miscast Foxfire.
You are very lightly contaminated with residual magic.
Nothing appears to happen.
You hear some strange, mumbled words.
A puff of flame appears from out of thin air!
The puff of flame hits you! The fire burns you terribly!
Ouch! That really hurt!
* * * LOW HITPOINT WARNING * * *
You are too injured to fight recklessly!
Casting: Foxfire (safe; 19% risk of failure)
Press: ? - help, Q - select action, (/) - cycle Dir - look around, f - activate You conjure some foxfire!
The foxfire hits something.
The foxfire hits something but does no damage.
The orc priest hits you with a +0 whip.
* * * LOW HITPOINT WARNING * * *
Something hits you.
You die...

#......# #.....## .
#....... .[ #....... ..K
#..##### .<.. #####.##
..... #####......#####
#....######...............
#......Ko@§.....####.#####
##......{.§.#####....#
############ #.#### #.#
#.# #.######## #.†.......
##########


You could see an orc priest and a kobold.

Vanquished Creatures
  A dart slug (D:1)
  A giant cockroach (D:2)
  3 hobgoblins
  3 jackals (D:1)
  A rat (D:1)
9 creatures vanquished.

Vanquished Creatures (others)
  30 foxfires
30 creatures vanquished.

Grand Total: 39 creatures vanquished

Notes
Turn   | Place    | Note
-------+----------+-------------------------------------------
     0 | D:1      | sizableburger the Mummy Wanderer began the quest for the
                  | Orb.
     0 | D:1      | sizableburger set off with the following items: a +0 club,
                  | a scroll of teleportation, a +0 robe, a +0 kite shield; and
                  | the following spell memorised: Foxfire; and the following
                  | spells available to memorise: Inner Flame
     0 | D:1      | Reached XP level 1. HP: 16/16 MP: 4/4
   340 | D:1      | Reached XP level 2. HP: 22/22 MP: 3/5
   721 | D:1      | Found a faded altar of an unknown god.
   891 | D:1      | Became a worshipper of Dithmenos the Shadowed
   891 | D:1      | Reached * piety under Dithmenos
   999 | D:2      | Reached skill level 3 in Spellcasting
  1079 | D:2      | Slain by an orc wizard

Illustrated notes

Levels and vault maps discovered:
D:1:      minmay_arrival_checkered_box, layout_loops_ring,
          basic_ecumenical_altar
D:2:      layout_basic, serial_bayou_ford_a

Skill      XL: |  1  2 |
---------------+-------+-----
Fire Magic     | 2 |  2.0
Spellcasting   | 3 |  3.0
Fighting       | |  2.1
Maces & Flails | |  0.2
Throwing       | |  0.1
Armour         | |  1.0
Stealth        | |  1.0
Shields        | |  1.0
Translocations | |  1.0

Action                   || total
-------------------------++-------
Melee: Club              ||    13
 Cast: Foxfire           ||    17
Armor: Robe              ||     4
Dodge: Dodged            ||     9

Table legend: (Time is in decaauts)
 A = Elapsed time spent in this place.
 B = Non-inter-level travel time spent in this place.
 C = Inter-level travel time spent in this place.
 D = Time resting spent in this place.
 E = Time spent auto-exploring this place.
 F = Levels seen in this place.
 G = Mean time per level.
                   A        B        C        D        E       F      G
               +--------+--------+--------+--------+--------+-----+--------+
         Total |   1082 |    990 |     92 |    115 |    775 |   2 |  541.0 |
       Dungeon |   1082 |    990 |     92 |    115 |    775 |   2 |  541.0 |
               +--------+--------+--------+--------+--------+-----+--------+

Top non-repeatable levels by time:
     D:1: 921 daAuts
     D:2: 161 daAuts
